[Event "Turkey IS Bank Super League 2017"]
[Site "Darica-Kocaeli"]
[Date "2017.07.29"]
[Round "4"]
[White "Sade, Defne"]
[Black "Onur, Cigdem"]
[Result "1/2-1/2"]
[ECO "B30"]
[WhiteElo "1654"]
[BlackElo "1699"]
[Annotator "NA"]
[PlyCount "60"]
[EventType "team-tourn"]
[EventCountry "TUR"]
[SourceTitle "playchess.com"]
[Source "ChessBase"]
[SourceQuality "1"]
[TimeControl "40/5400+30:1800+30"]

1. e4 c5 2. Nf3 Nc6 3. Bb5 e6 4. O-O Nge7 5. Re1 a6 6. Bxc6 Nxc6 7. d4 cxd4 8. Nxd4 Bc5 9. Be3 Ba7 10. Nxc6 dxc6 11. Bxa7 Rxa7 12. Qxd8+ Kxd8 13. e5 Ke7 14. Nc3 b5 15. Rad1 c5 16. Ne4 Rc7 17. Nd6 Rd8 18. b3 Bb7 19. c4 b4 20. f4 g6 21. Nxb7 Rxb7 22. Rxd8 Kxd8 23. Rd1+ Rd7 24. Rxd7+ Kxd7 25. Kf2 Ke7 26. Kf3 Kf8 27. g4 Kg7 28. h3 h6 29. g5 h5 30. h4 Kf8 1/2-1/2

[Event "Turkey IS Bank Super League 2017"]
[Site "Darica-Kocaeli"]
[Date "2017.08.03"]
[Round "9"]
[White "Nomin-Erdene, Davaademberel"]
[Black "Unuk, Laura"]
[Result "0-1"]
[ECO "C84"]
[WhiteElo "2373"]
[BlackElo "2343"]
[Annotator "NA RC"]
[PlyCount "142"]
[EventType "team-tourn"]
[EventCountry "TUR"]
[SourceTitle "playchess.com"]
[Source "ChessBase"]
[SourceQuality "1"]
[TimeControl "40/5400+30:1800+30"]

1. e4 e5 2. Nf3 Nc6 3. Bb5 a6 4. Ba4 Nf6 {[%emt 0:00:00] LiveBook: 52156 Games} 5. O-O b5 6. Bb3 Bb7 7. d3 Be7 8. Nc3 O-O 9. Nd5 Nxd5 {[%emt 0:00:30] C84: Closed Ruy Lopez: Unusual White 6th moves} (9... Na5 10. Nxe7+ Qxe7 11. Nh4 Nxb3 12. axb3 d5 13. Nf5 Qe6 14. f3 g6 15. Nh6+ Kg7 16. Qe1 Ng8 17. Ng4 f6 18. Be3 h5 {½-½ (77) Vallejo Pons,F (2684)-Kravtsiv,M (2621) Berlin 2015}) 10. Bxd5 d6 11. Be3 Qc8 12. Nd2 $146 ({Predecessor:} 12. Qd2 Bf6 13. Qc3 Ne7 14. Bxb7 Qxb7 15. Rad1 Ng6 16. Rfe1 Rac8 17. a3 {½-½ (27) Sussarellu,L (800)-Pehl,F (829) LSS email 2008}) 12... Bf6 13. c3 Ne7 14. Bxb7 Qxb7 15. f4 exf4 16. Bxf4 Qb6+ 17. Kh1 c5 18. Qh5 Ng6 19. Be3 Rfe8 20. Rf5 Ne5 21. Qh3 Qd8 ({Not} 21... Nxd3 $2 {[#]} 22. Rxf6 $1 gxf6 23. Qg3+ Kh8 24. Bh6 $18) 22. Raf1 Re6 ({Avoid the trap} 22... Nxd3 $2 {[#]} 23. Rxf6 $1 gxf6 24. Qg3+ Kh8 25. Bh6 $18) (22... Rc8 $11 {keeps the balance.}) 23. Rh5 h6 24. g4 Be7 25. g5 Qc8 26. gxh6 g6 27. h7+ Kh8 28. Rh6 Rf6 29. Bf4 Rxf4 30. Rxf4 Bg5 31. Qxc8+ Rxc8 32. Rhh4 Nxd3 33. Rf3 Nxb2 34. Rhf4 Bxf4 35. Rxf4 Rc7 36. Rh4 c4 37. a3 Nd1 38. Nb1 f6 39. Rf4 Rf7 40. Rf1 Nb2 41. Kg2 Kxh7 42. h4 Kg7 43. Nd2 Re7 44. Kf3 Re5 45. Ke3 Na4 46. Nf3 Re8 47. Kd4 Nc5 48. Re1 Kf7 49. Kd5 Nd3 50. Rf1 Ke7 51. Rg1 Kd7 52. Kd4 f5 53. Nd2 Nf4 54. Ke3 Nd5+ 55. Kd4 Ne7 56. Ke3 fxe4 57. Nxe4 Rh8 58. h5 gxh5 59. Rd1 d5 60. Nc5+ Kd6 61. Nxa6 Ra8 62. Nb4 Rxa3 63. Kd2 Nc6 64. Nc2 Ra2 65. Kc1 Kc5 66. Rh1 b4 67. Rxh5 bxc3 68. Rh8 Ra7 69. Rc8 Rh7 70. Na3 d4 71. Rf8 Rh1+ 0-1

[Event "Turkey IS Bank Super League 2017"]
[Site "Darica-Kocaeli"]
[Date "2017.08.03"]
[Round "9"]
[White "Kerigan, Demre"]
[Black "Demircioglu, Emre"]
[Result "1/2-1/2"]
[ECO "C47"]
[WhiteElo "2354"]
[BlackElo "2265"]
[Annotator "NA"]
[PlyCount "62"]
[EventType "team-tourn"]
[EventCountry "TUR"]
[SourceTitle "playchess.com"]
[Source "ChessBase"]
[SourceQuality "1"]
[TimeControl "40/5400+30:1800+30"]

1. e4 e5 2. Nf3 Nc6 3. Nc3 Nf6 4. d4 exd4 5. Nxd4 Bb4 6. Nxc6 bxc6 7. Bd3 d5 8. exd5 cxd5 9. O-O O-O 10. h3 {[%emt 0:01:00] C47: Schottisches Vierspringerspiel} c6 11. Qf3 Bd6 (11... Re8 12. Bf4 Qe7 13. a3 Bd6 14. Ne2 c5 15. b3 Be6 16. Bxd6 Qxd6 17. Rad1 Qe7 {1-0 (58) Bacrot,E (2696)-Fressinet,L (2668) Balagna 2017}) 12. Bf4 {[%emt 0:00:30] LiveBook: 80 Games} Qc7 13. Ne2 Be6 14. Rad1 $146 ({Vorgänger:} 14. Qg3 Bxf4 15. Nxf4 Qb8 16. b3 a5 17. Rae1 Bd7 {½-½ (65) Krueger,H (2361)-Dabija,M (2341) ICCF email 2012}) 14... Rad8 15. b3 c5 16. Qg3 Bxf4 17. Nxf4 Bc8 18. Nh5 Qxg3 19. Nxf6+ ({Reject} 19. Nxg3 $6 g6 $11) 19... gxf6 20. fxg3 Kg7 21. Rf4 Rfe8 22. Rdf1 Rd6 23. Ra4 Re7 24. Rh4 h6 25. Rd1 Rb6 26. Kf2 Be6 27. Re1 ({White should try} 27. Ra4 $14) 27... Rc7 28. c4 d4 29. Rh5 a5 30. Ke2 a4 $11 31. Rb1 axb3 1/2-1/2

[Event "Turkey IS Bank Super League 2017"]
[Site "Darica-Kocaeli"]
[Date "2017.08.03"]
[Round "9"]
[White "Ozen, Bahadir"]
[Black "Gokerkan, Cem Kaan"]
[Result "0-1"]
[ECO "A08"]
[WhiteElo "2315"]
[BlackElo "2321"]
[Annotator "NA RC"]
[PlyCount "126"]
[EventType "team-tourn"]
[EventCountry "TUR"]
[SourceTitle "playchess.com"]
[Source "ChessBase"]
[SourceQuality "1"]
[TimeControl "40/5400+30:1800+30"]

1. g3 Nf6 2. Bg2 d5 3. d3 g6 4. Nf3 Bg7 5. O-O O-O 6. Nbd2 c5 7. e4 dxe4 8. dxe4 Nc6 9. Re1 e5 10. c3 {[%emt 0:02:30] LiveBook: 17 Games A08: King's Indian Attack} h6 (10... Qc7 11. Qc2 Be6 12. Nf1 Rad8 13. Bg5 Bc4 14. Qc1 Rd7 15. Bh3 Be6 16. Bxe6 fxe6 17. Bxf6 Rxf6 {½-½ (37) Yuffa,D (2474)-Gutenev,A (2349) Pardubice 2015}) 11. a3 ({White should try} 11. Nc4 $11) 11... Be6 $146 ({Predecessor:} 11... Qe7 12. b4 Rd8 13. Qc2 cxb4 14. axb4 Qc7 15. Nc4 Be6 16. Ne3 Rac8 17. Qb1 b6 {1-0 (28) Sahetchian,A (2172)-Daillet,E (2281) Paris 1999}) 12. Qe2 a6 13. b4 Nd7 14. Nc4 b5 15. Ne3 c4 16. Nd5 Nb6 17. Rd1 (17. Nxb6 $11 Qxb6 18. Be3) 17... Na4 18. Qc2 Ra7 19. Be3 Rd7 20. Rac1 Bxd5 21. exd5 Ne7 22. Nd2 Nxd5 23. Bxd5 Rxd5 24. Nxc4 Nxc3 25. Re1 Na4 26. Nb2 Nxb2 27. Qxb2 Qd7 28. Qc2 Rd3 29. Qc6 Qxc6 30. Rxc6 Ra8 31. Rec1 (31. Bc1 $11) 31... Rxa3 32. Rc8+ Rxc8 33. Rxc8+ Kh7 34. Rc7 Kg8 35. Rc8+ Kh7 36. Rc7 g5 37. Rxf7 Kg6 38. Ra7 Bf8 39. Bc5 Bxc5 40. bxc5 g4 $2 ({Black should try} 40... Kf5 $19 41. c6 Ke6) 41. c6 Kg5 42. c7 Rc3 43. Rxa6 Rxc7 44. Rb6 Rc5 45. Kg2 h5 46. h3 Kf5 47. Rh6 Kg5 48. Rb6 Kf5 49. Rh6 gxh3+ 50. Kxh3 b4 51. Rxh5+ Kg6 52. Kg4 b3 53. Rh1 b2 54. Rb1 Rb5 55. Kf3 Kf5 56. Ke2 Rb3 57. f3 Ke6 58. Kf2 Kd5 59. f4 exf4 60. gxf4 Kc4 61. Ke2 Kc3 62. Kd1 Rb4 63. f5 Rf4 0-1

[Event "Turkey IS Bank Super League 2017"]
[Site "Darica-Kocaeli"]
[Date "2017.08.03"]
[Round "9"]
[White "Burcu, Cagatay"]
[Black "Buyukasik, Diyap"]
[Result "1/2-1/2"]
[ECO "A45"]
[WhiteElo "2268"]
[BlackElo "2285"]
[Annotator "NA"]
[PlyCount "103"]
[EventType "team-tourn"]
[EventCountry "TUR"]
[SourceTitle "playchess.com"]
[Source "ChessBase"]
[SourceQuality "1"]
[TimeControl "40/5400+30:1800+30"]

1. d4 Nf6 2. Bf4 g6 3. Nc3 d5 {[%emt 0:02:30] A45: Trompowsky Attack} 4. e3 Bg7 5. h4 h6 (5... c6 6. Nf3 Bg4 7. Be2 Nbd7 8. Ne5 Bxe2 9. Qxe2 h5 10. O-O-O Qa5 11. Kb1 {1-0 (44) Karjakin,S (2781)-Giri,A (2771) Stavanger 2017}) 6. Be2 O-O 7. Nf3 c5 8. Ne5 Nc6 9. O-O $146 ({Predecessor:} 9. h5 g5 10. Bxg5 Nxe5 11. dxe5 d4 12. exd4 cxd4 13. exf6 exf6 14. Bd2 {1-0 (21) Novotny,M (2283)-Gschwendtner,S (2058) Klatovy 2016}) 9... cxd4 10. exd4 Nd7 11. Qd2 Ndxe5 12. dxe5 d4 13. Ne4 Kh7 14. c3 dxc3 15. Qxc3 Qd4 16. Qxd4 Nxd4 17. Bc4 Be6 18. Rfd1 Rad8 19. Bxe6 Nxe6 20. Bg3 g5 21. Nc3 Nf4 22. hxg5 hxg5 23. Re1 Kg6 24. Re4 Kf5 25. Rae1 Rd2 26. Bxf4 gxf4 27. Rb4 Bxe5 28. Rb5 f6 29. Rxb7 Bd4 30. Ne2 Bb6 31. Rxe7 Rg8 32. Kf1 Rh8 33. Kg1 Rxb2 34. Rd1 Rd8 35. Rxd8 Bxd8 36. Nd4+ Kg6 37. Rxa7 Bb6 38. Ra4 Rd2 39. Nf3 Rxf2 40. Kh2 Kf5 41. Rb4 Be3 42. Kh3 Rxa2 43. Nh4+ Ke6 44. Re4+ Kd5 45. Re8 Bd4 46. Kg4 Be5 47. Kf5 Kc4 48. Rg8 Kd3 49. Ng6 Ke3 50. Nxe5 fxe5 51. Kxe5 Ra5+ 52. Kf6 $11 1/2-1/2

[Event "Turkey IS Bank Super League 2017"]
[Site "Darica-Kocaeli"]
[Date "2017.08.03"]
[Round "9"]
[White "Kiremitciyan, Ari"]
[Black "Goksel, Doga Cihan"]
[Result "1-0"]
[ECO "E91"]
[WhiteElo "2240"]
[BlackElo "2247"]
[Annotator "NA"]
[PlyCount "117"]
[EventType "team-tourn"]
[EventCountry "TUR"]
[SourceTitle "playchess.com"]
[Source "ChessBase"]
[SourceQuality "1"]
[TimeControl "40/5400+30:1800+30"]

1. Nf3 Nf6 2. c4 g6 3. Nc3 Bg7 4. e4 d6 5. d4 O-O 6. Be2 Bg4 7. Be3 Nfd7 8. Rc1 c5 9. d5 Na6 10. h3 {[%emt 0:04:30] E91: King's Indian: Classical: 6 Be2, unusual replies including 6...c5 and 6...Bg4} (10. O-O Nc7 11. h3 Bxf3 12. Bxf3 a6 13. a4 Re8 14. Qd2 e6 15. a5 exd5 16. exd5 Qh4 17. Bg4 Rxe3 18. Qxe3 {1-0 (41) Gelfand,B (2750)-Kramnik,V (2790) Nice 2010}) 10... Bxf3 11. Bxf3 Nc7 12. Be2 a6 13. a4 Re8 14. O-O e6 {[%emt 0:08:30] LiveBook: 3 Games} 15. Qd2 exd5 16. exd5 Rb8 17. Rfe1 f5 18. Bf1 $146 ({Predecessor:} 18. a5) 18... Nf6 19. Bg5 Qd7 20. Bd3 b6 21. Rb1 a5 22. Rbd1 Rxe1+ 23. Rxe1 Re8 24. Rxe8+ Qxe8 25. Qe3 Qf8 26. Qe2 Qf7 27. Kf1 Bf8 28. Bd2 Bg7 29. Ke1 Bf8 30. Kd1 Bg7 31. Kc1 Qd7 32. f3 Qe8 33. Qxe8+ Nfxe8 34. Kd1 Kf7 35. Ke2 Nf6 36. g4 fxg4 37. hxg4 Bf8 38. Kf2 Be7 39. Kg3 Kg7 40. g5 Nd7 41. f4 h6 42. Ne4 hxg5 43. Bc3+ Kf7 44. fxg5 ({White should play} 44. Nxg5+ $16 Bxg5 45. fxg5) 44... Ne8 45. Be2 Nf8 46. Bg4 Ng7 47. Kf4 Ne8 48. Be1 Nc7 49. Bd2 Ke8 50. Kg3 Kd8 51. Be2 Ne8 52. Bc3 Nd7 53. Kf4 Nf8 54. Nd2 Kd7 55. Bd3 Kd8 56. Nf3 Kd7 57. Kg4 Kd8 58. Nh4 $18 Nh7 59. Bd2 1-0

[Event "Turkey IS Bank Super League 2017"]
[Site "Darica-Kocaeli"]
[Date "2017.08.03"]
[Round "9"]
[White "Tasdogen, Dincer"]
[Black "Tuncer, Tuna"]
[Result "0-1"]
[ECO "B22"]
[WhiteElo "2215"]
[BlackElo "2274"]
[Annotator "NA"]
[PlyCount "46"]
[EventType "team-tourn"]
[EventCountry "TUR"]
[SourceTitle "playchess.com"]
[Source "ChessBase"]
[SourceQuality "1"]
[TimeControl "40/5400+30:1800+30"]

1. e4 c5 2. c3 Nf6 3. e5 Nd5 4. Nf3 e6 5. Bc4 d6 6. d4 cxd4 7. cxd4 Be7 8. O-O {[%emt 0:00:30] B22: Sicilian: 2 c3} O-O 9. Re1 {[%emt 0:01:30] LiveBook: 28 Games} (9. Bd2 b6 10. Nc3 dxe5 11. Bxd5 exd5 12. Nxe5 Be6 13. Rc1 f6 14. Nd3 Bf7 15. Re1 Nc6 {½-½ (50) Mamedov,R (2688)-Matlakov,M (2694) Tallinn 2016}) 9... b6 10. Nbd2 (10. Bxd5 $5 exd5 11. Nc3 $11) 10... Nd7 $146 ({Predecessor:} 10... Bb7 11. a3 dxe5 12. dxe5 Nd7 13. Ne4 Qb8 14. Bd3 g6 15. Ng3 Rd8 {0-1 (38) Kocheev,A (2319)-Fedorov,A (2576) Minsk 2017}) 11. Ne4 dxe5 12. dxe5 Nc5 13. Qe2 (13. Bxd5 $5 exd5 14. Ng3 $11) 13... Bb7 14. Nxc5 Bxc5 15. Qe4 Rc8 16. Ng5 g6 17. Qh4 h5 18. Be2 Kg7 19. g4 $2 (19. Bd2 $11 {and White stays safe.}) 19... Be7 20. f4 $19 (20. Qg3 $142 Bxg5 21. gxh5) 20... Rxc1 21. Raxc1 Nxf4 22. Bf1 Bxg5 23. Qf2 Qd5 0-1

[Event "Turkey IS Bank Super League 2017"]
[Site "Darica-Kocaeli"]
[Date "2017.08.03"]
[Round "9"]
[White "Yilmaz, Goktan"]
[Black "Ertan, Can"]
[Result "1/2-1/2"]
[ECO "C88"]
[WhiteElo "2202"]
[BlackElo "2377"]
[Annotator "NA"]
[PlyCount "125"]
[EventType "team-tourn"]
[EventCountry "TUR"]
[SourceTitle "playchess.com"]
[Source "ChessBase"]
[SourceQuality "1"]
[TimeControl "40/5400+30:1800+30"]

1. e4 e5 2. Nf3 Nc6 3. Bb5 a6 4. Ba4 Nf6 5. O-O Be7 6. Re1 {[%emt 0:00:00] LiveBook: 29421 Games} b5 7. Bb3 O-O 8. a4 b4 9. d4 Nxd4 {[%emt 0:20:30] C88: Closed Ruy Lopez: Anti-Marshall Systems} (9... d6 10. dxe5 dxe5 11. Qxd8 Rxd8 12. h3 Na5 13. Ba2 Nd7 14. Bg5 Kf8 15. Nbd2 f6 16. Be3 Nb6 17. Bxb6 cxb6 18. Bd5 Ra7 {½-½ (41) Nakamura,H (2785)-Aronian,L (2793) Stavanger 2017}) 10. Bxf7+ Rxf7 11. Nxe5 Rf8 $146 ({Predecessor:} 11... Ne6 12. Nxf7 Kxf7 13. e5 Bb7 14. exf6 Bxf6 15. Nd2 Kg8 16. Ne4 Be5 17. Qh5 {0-1 (35) McKay,R-Toth,P Ybbs 1968}) 12. Qxd4 Bb7 13. Bg5 (13. Nd2 $16) 13... c5 14. Qc4+ d5 15. exd5 Bxd5 16. Qh4 (16. Qd3 $16) 16... Qc7 17. Nd2 Rae8 18. Ndc4 Bd8 19. Rad1 Re6 20. Qh3 Qb7 21. b3 Ne4 22. Be3 Bc7 23. f4 Rfe8 24. Nd3 Rh6 25. Qd7 Bc6 26. Qg4 Rg6 27. Qh3 Qa8 28. Nde5 Rh6 29. Qg4 Nf6 30. Qe2 Ne4 31. Qg4 Nc3 32. Rd2 Ne4 33. Rdd1 Bxe5 34. Nxe5 Rxe5 35. fxe5 Rg6 36. Qh4 Bd5 37. g3 h6 38. Bc1 Nc3 39. Rd2 Qc8 40. Bb2 Rg4 41. Qe7 Rd4 42. Bxc3 bxc3 43. Rxd4 cxd4 44. e6 d3 45. cxd3 c2 46. Qf7+ Kh8 47. Qf4 Bxe6 48. b4 Qc3 49. Qe3 Bf5 50. b5 axb5 51. axb5 Bxd3 52. b6 Qb2 $2 (52... Qb4 $14) 53. b7 Bg6 54. Qa7 c1=Q 55. b8=Q+ Kh7 56. Rxc1 $2 (56. Qxb2 $18 Qxb2 57. Qe3) 56... Qxc1+ 57. Kf2 Qc2+ $11 58. Ke1 Qc1+ 59. Ke2 Qc2+ 60. Ke3 Qd3+ 61. Kf2 Qc2+ 62. Kg1 Qc1+ 63. Kf2 1/2-1/2

[Event "Turkey IS Bank Super League 2017"]
[Site "Darica-Kocaeli"]
[Date "2017.08.03"]
[Round "9"]
[White "Tofan, Ibrahim"]
[Black "Topak, Engin"]
[Result "0-1"]
[ECO "E65"]
[WhiteElo "2194"]
[BlackElo "2192"]
[Annotator "NA"]
[PlyCount "131"]
[EventType "team-tourn"]
[EventCountry "TUR"]
[SourceTitle "playchess.com"]
[Source "ChessBase"]
[SourceQuality "1"]
[TimeControl "40/5400+30:1800+30"]

1. c4 Nf6 2. Nc3 g6 3. g3 Bg7 4. Bg2 O-O 5. e4 d6 6. Nge2 c5 7. O-O Nc6 8. d4 cxd4 9. Nxd4 Bd7 {[%emt 0:00:30] E65: King's Indian: Fianchetto: 6...c5 7 0-0 without d5 by White} 10. Nxc6 Bxc6 11. Be3 {[%emt 0:04:30] LiveBook: 33 Games} Nd7 (11... a5 12. Qe2 Nd7 13. Rfd1 a4 14. Rac1 Qa5 15. Nd5 Bxd5 16. Rxd5 {1-0 (48) Carlsen,M (2881)-Iturrizaga Bonelli,E (2653) Dubai 2014}) 12. Bd4 Bxd4 13. Qxd4 {[%emt 0:00:30] [#]} a5 $146 ({Find the theoretical novelty and annotate with similar games:} 13... Qb6 14. Qxb6 Nxb6 15. b3 a5 16. f4 Nd7 17. Rfe1 Rfd8 18. Rad1 Kf8 19. h4 h6 20. Rd2 Ke8 {½-½ (20) Kolvick,R-Chiburdanidze,M (2520) Philadelphia 1989}) 14. h4 Qb6 15. Qd2 Qc5 ({Black should play} 15... Ne5 $15) 16. Rfc1 Rac8 17. b3 Rfe8 18. Qf4 Qe5 19. Bh3 Qxf4 20. gxf4 Rcd8 21. Bxd7 Rxd7 22. f3 e6 23. Rd1 f5 24. exf5 gxf5 25. Kf2 Kf7 26. Rd3 Red8 27. Rad1 Kf6 28. a4 b6 29. R3d2 d5 30. cxd5 Bxd5 31. Ke3 Bc6 32. Rxd7 Rxd7 33. Rc1 Rg7 34. Kf2 Rd7 35. Ne2 Bd5 36. Nd4 e5 37. Ne2 exf4 38. Nxf4 Bxb3 39. Rc6+ Ke5 40. Ke3 Rd6 41. Rc7 Rh6 42. h5 (42. Rd7 $17 {was the only defense.}) 42... Bxa4 43. Re7+ Kd6 44. Rf7 Bd7 45. Kd4 Bc6 46. Rxf5 Bxf3 47. Ke3 Bc6 48. Kd4 a4 49. Nd3 b5 50. Nf4 b4 51. Nd3 b3 52. Ne5 Be8 53. Nc4+ Ke7 54. Re5+ Kf8 $19 55. Rf5+ Kg7 56. Rg5+ Kf6 57. Ra5 Rxh5 58. Ra6+ Kg7 59. Ra7+ Kf8 60. Ra8 Rh4+ 61. Kc3 Rxc4+ 62. Kxc4 b2 63. Rb8 a3 64. Kc3 Kg7 65. Rb7+ Kh6 66. Kd4 0-1

[Event "Turkey IS Bank Super League 2017"]
[Site "Darica-Kocaeli"]
[Date "2017.08.03"]
[Round "9"]
[White "Arda, Cagil Irmak"]
[Black "Kose, Ulya"]
[Result "1-0"]
[ECO "C49"]
[WhiteElo "2080"]
[BlackElo "1591"]
[Annotator "NA"]
[PlyCount "89"]
[EventType "team-tourn"]
[EventCountry "TUR"]
[SourceTitle "playchess.com"]
[Source "ChessBase"]
[SourceQuality "1"]
[TimeControl "40/5400+30:1800+30"]

1. e4 e5 2. Nf3 Nc6 3. Nc3 Nf6 4. Bb5 Bb4 5. O-O O-O 6. d3 d6 7. Bg5 Bxc3 8. bxc3 Qe7 9. Re1 Nd8 10. d4 Ne6 11. Bc1 {[%emt 0:00:30] LiveBook: 290 Games} Rd8 12. Ba3 {[%emt 0:01:30] C49: Four Knights: 4 Bb5 Bb4} (12. Bf1 c5 13. g3 Nf8 14. Nh4 h6 15. a4 Qc7 16. a5 Bd7 17. Nf5 Ng6 18. Ne3 Ne7 19. dxe5 dxe5 20. Qf3 Qc6 21. Bd3 {½-½ (40) Ivanchuk,V (2731)-Nakamura,H (2786) Antalya 2013}) 12... c5 13. g3 Qc7 14. Bf1 Bd7 $146 ({Find the theoretical novelty and annotate with similar games:} 14... cxd4 15. cxd4 b6 16. d5 Nc5 17. Nd2 Bd7 18. Bg2 b5 19. Nb3 Na4 {0-1 (41) Lots,S-Fedosenko,P (2236) Ordzhonikidze 2004}) 15. d5 Nf8 16. Bc1 h6 17. Nh4 Ng6 18. Nxg6 fxg6 19. f4 c4 20. Qe2 Rac8 21. Bg2 Rf8 22. fxe5 dxe5 23. h3 Nh5 24. Kh2 Rf7 25. Ba3 b5 $11 26. Rf1 Re8 27. Qe3 Qb6 28. Bc5 Qb7 29. Rxf7 Kxf7 30. Bxa7 Kg8 31. Bc5 Nf6 32. Rf1 Ra8 33. a3 Be8 34. Bd6 Nd7 35. Bf3 Qa6 36. Bb4 Nf6 37. Qc5 Bd7 38. Bg2 Qa4 39. Rf2 Qa6 40. Qd6 Qb7 41. Qxe5 Re8 42. Qd4 Nh5 43. e5 Qb8 44. Bd6 Qd8 45. g4 1-0

[Event "Turkey IS Bank Super League 2017"]
[Site "Darica-Kocaeli"]
[Date "2017.08.03"]
[Round "9"]
[White "Gundogan, Cem"]
[Black "Yurtseven, Melih"]
[Result "0-1"]
[ECO "A48"]
[WhiteElo "2062"]
[BlackElo "2353"]
[Annotator "NA"]
[PlyCount "94"]
[EventType "team-tourn"]
[EventCountry "TUR"]
[SourceTitle "playchess.com"]
[Source "ChessBase"]
[SourceQuality "1"]
[TimeControl "40/5400+30:1800+30"]

1. d4 Nf6 2. Nf3 g6 3. b4 e6 4. a3 a5 5. b5 Bg7 6. Bb2 O-O 7. c4 d6 8. e3 Nbd7 9. Nc3 Re8 10. Na4 Qe7 11. Qc2 e5 12. c5 e4 13. cxd6 cxd6 14. Nd2 Nd5 15. Bc4 N5b6 16. Nc3 Nf6 17. a4 h5 18. Ba3 h4 19. h3 $1 Bf5 20. Bb3 Rac8 21. Qb2 Qd7 22. Ne2 g5 23. Qa2 Rc7 24. g4 Bg6 25. Rc1 Rec8 26. Nc4 Nxc4 27. Rxc4 Rxc4 28. Bxc4 Bf8 29. Bb3 Kh7 30. Qd2 b6 31. d5 Qe8 32. Nd4 Nd7 33. Nc6 f5 34. Rg1 Be7 35. gxf5 Bxf5 36. Qe2 Kh6 37. Nd4 Qg6 38. Bd1 Bxh3 39. Rh1 g4 40. Nc6 Bf6 41. Bb2 Rf8 42. Bxf6 Rxf6 43. Ne7 $19 Qf7 44. Rxh3 gxh3 45. Ng8+ Qxg8 46. Qh5+ Kg7 47. Qg4+ Kh8 0-1

[Event "Turkey IS Bank Super League 2017"]
[Site "Darica-Kocaeli"]
[Date "2017.08.03"]
[Round "9"]
[White "Kamer, Kayra"]
[Black "Kesgin, Halit Kaan"]
[Result "1-0"]
[ECO "C07"]
[WhiteElo "2062"]
[BlackElo "2207"]
[Annotator "NA"]
[PlyCount "93"]
[EventType "team-tourn"]
[EventCountry "TUR"]
[SourceTitle "playchess.com"]
[Source "ChessBase"]
[SourceQuality "1"]
[TimeControl "40/5400+30:1800+30"]

1. e4 e6 2. d4 d5 3. Nd2 c5 4. Ngf3 cxd4 5. Nxd4 Nc6 6. Bb5 Bd7 7. Nxc6 Bxc6 8. Bxc6+ bxc6 9. c4 Nf6 10. Qa4 {[%emt 0:00:00] C07: Französische Verteidigung (Tarrasch-Variante)} Qd7 11. e5 Ng8 (11... Ng4 12. Nf3 f6 13. exf6 gxf6 14. cxd5 exd5 15. O-O Bd6 16. Bf4 c5 17. Rfe1+ Be7 18. Rxe7+ Kxe7 {1-0 (46) Anand,V (2803)-Bartel,M (2622) Berlin 2015}) 12. O-O Ne7 13. cxd5 $146 ({Vorgänger:} 13. Nf3 Nf5 14. Bd2 Bc5 15. Rac1 Bb6 16. Rfe1 Ne7 17. c5 Bd8 {½-½ (30) Kaczur,F (2431)-Kosic,D (2486) Budapest 2017}) 13... cxd5 14. Qxd7+ Kxd7 15. Nb3 Nc6 16. f4 a5 17. Be3 a4 18. Nc5+ Bxc5 19. Bxc5 Rhb8 20. Rf2 Rb5 21. Bd6 Na5 22. b3 Nb7 ({Much worse is} 22... axb3 23. axb3 Rc8 24. Rf3 $11) 23. bxa4 Rxa4 24. Bf8 g6 25. Rc1 Na5 26. g4 Nc4 27. a3 Rb8 28. Bb4 Rba8 29. Rfc2 R8a7 30. Rxc4 (30. g5 $17) 30... dxc4 31. Rxc4 Rc7 32. Rd4+ Kc6 33. Kf2 Ra8 34. Ke3 Kb5 35. f5 Rc4 36. Rd7 Rxg4 37. f6 Rg5 38. Bd6 Rc8 39. Rxf7 (39. Rb7+ $11 Ka6 40. Rxf7) 39... Rc3+ 40. Kd4 Rh3 41. a4+ Kb6 42. a5+ {[%emt 0:00:30] [#]} Ka6 $2 (42... Kb5 $1 $17 {[%cal Rg5g4] stays on course.} 43. Rb7+ Ka6 44. Rb6+ Kxa5) 43. Bb8 Kxa5 {[%emt 0:05:30] [#]} 44. Kc5 $1 Rc3+ 45. Kd6 Rd3+ 46. Kxe6 $18 Kb6 47. Rxh7 1-0

[Event "Turkey IS Bank Super League 2017"]
[Site "Darica-Kocaeli"]
[Date "2017.08.03"]
[Round "9"]
[White "Tarlabasi, Emirhan"]
[Black "Ozen, Deniz"]
[Result "0-1"]
[ECO "D10"]
[WhiteElo "2046"]
[BlackElo "2351"]
[Annotator "NA"]
[PlyCount "66"]
[EventType "team-tourn"]
[EventCountry "TUR"]
[SourceTitle "playchess.com"]
[Source "ChessBase"]
[SourceQuality "1"]
[TimeControl "40/5400+30:1800+30"]

1. d4 d5 2. c4 c6 3. e3 Nf6 4. Nc3 Bf5 5. cxd5 cxd5 6. Qb3 Nc6 {[%emt 0:01:30] D10: Slav Defence: 3 cxd5 (without early Nf3) and 3 Nc3} 7. Qxb7 Bd7 8. Qb3 Rb8 9. Qd1 e5 10. Nf3 Bd6 11. dxe5 {[%emt 0:08:30] LiveBook: 37 Games} Nxe5 12. Be2 O-O 13. O-O Qc7 14. h3 {[%emt 0:07:30] [#]} Qa5 $146 ({Predecessor:} 14... Nxf3+ 15. Bxf3 {½-½ (30) Bacrot,E (2697)-Mamedov,R (2657) Berlin 2015}) 15. Nd4 Rfd8 16. f4 ({White should play} 16. Nb3 $16 Qc7 17. f4 (17. Nxd5 Nxd5 18. Qxd5 Bb4 $14)) 16... Nc4 17. Bxc4 dxc4 18. Qe2 Qc7 19. Rd1 h6 20. Qf3 Bc5 21. Kh1 Bc8 22. Ndb5 Qe7 23. Rxd8+ Qxd8 24. e4 a6 25. Na3 Qd4 26. Qd1 Qf2 27. Nxc4 {[%emt 0:00:28] [#]} Bg4 $19 (27... Bxh3 $142 $1 28. gxh3 {[#]} Nh5 $1 ) 28. Be3 Bxe3 29. Qf1 Be6 30. Ne5 Qxf1+ 31. Rxf1 Rxb2 32. Nd1 Re2 33. Nf3 Nxe4 0-1

[Event "Turkey IS Bank Super League 2017"]
[Site "Darica-Kocaeli"]
[Date "2017.08.03"]
[Round "9"]
[White "Unat, Can Haktan"]
[Black "Dolgun, Can"]
[Result "1-0"]
[ECO "E60"]
[WhiteElo "2006"]
[BlackElo "2104"]
[Annotator "NA"]
[PlyCount "99"]
[EventType "team-tourn"]
[EventCountry "TUR"]
[SourceTitle "playchess.com"]
[Source "ChessBase"]
[SourceQuality "1"]
[TimeControl "40/5400+30:1800+30"]

1. Nf3 Nf6 2. g3 g6 3. Bg2 Bg7 4. b3 O-O 5. Bb2 d6 6. d4 e5 7. dxe5 Nfd7 8. O-O Nc6 9. c4 Ndxe5 10. Nxe5 {[%emt 0:00:30] LiveBook: 19 Games} Nxe5 11. Nc3 Be6 {[%emt 0:01:30] E60: King's Indian: Unusual lines and Fianchetto Variation without Nc3} (11... Re8 12. Qd2 Rb8 13. Rad1 Bg4 14. h3 Be6 15. Kh2 a6 {½-½ (15) Varga,Z (2476)-Akshayraj,K (2483) Budapest 2012}) 12. Qd2 ({Don't play} 12. Bxb7 Nxc4 13. bxc4 Rb8 $11) 12... c6 13. Ne4 d5 $146 ({Predecessor:} 13... Qb6 14. Ba3 Rfd8 15. Bxd6 Bxc4 16. Rad1 Ba6 17. Qc2 f5 18. Ng5 Re8 19. Rfe1 {1-0 (38) Piotr,M-Smolovic,M Hallsberg 1991}) 14. Nc5 dxc4 15. Qxd8 Rfxd8 16. Rad1 cxb3 17. axb3 Nd7 18. Nxe6 fxe6 19. Bh3 Nf8 20. Ba3 Kf7 21. f4 h6 22. e4 Nh7 23. e5 Bf8 24. Bb2 $15 Bc5+ 25. Kh1 Ke7 26. Bc3 a6 27. g4 Nf8 28. f5 g5 29. Bg2 Rxd1 30. Rxd1 Rd8 31. Rxd8 Kxd8 32. h4 Be3 33. Bb4 Ke8 34. Be4 c5 35. Ba5 b5 36. hxg5 hxg5 37. Bb7 Ke7 38. Bxa6 b4 39. Bc7 Bd4 40. Bd6+ Kf7 41. Bc4 Ke8 42. fxe6 Ng6 43. Bd3 Ne7 44. Bb5+ Kd8 45. Kg2 Ng6 46. Kf3 c4 47. Ke4 c3 48. Bd3 Bb6 49. Bxb4 Nf4 50. e7+ 1-0